 Dungeon Crawl Stone Soup version 0.31-a0-1539-g569d6c7dce (webtiles) character file.

Game seed: 3606924170547649249

12141 mopl the Grappler (level 12, -16/85 HPs)
             Began as a Djinni Shapeshifter on Dec 31, 2023.
             Was a Believer of Uskayaw.
             Demolished by a boulder beetle (24 damage)
             ... on level 11 of the Dungeon on Jan 1, 2024.
             The game lasted 00:16:32 (13365 turns).

mopl the Grappler (Djinni Shapeshifter)            Turns: 13365, Time: 00:16:33

Health: -16/85     AC:  5    Str: 17    XL:     12   Next: 16%
Gold:   763        EV: 15    Int: 13    God:    Uskayaw [**....] SH:  0 Dex: 13

rFire   + +          .
                       - Unarmed
rCold   x . .        (no shield)
rNeg    . . .        E - +0 steam dragon scales
rPois   ∞            (helmet currently unavailable)
rElec   .            (cloak currently unavailable)
rCorr   +            (gloves currently unavailable)
SInv    .            (boots unavailable)
Will    +....        (no amulet)
Stlth   +            N - ring of resist corrosion
HPRegen 0.34/turn    (no ring)
MPRegen 0.00/turn

%: infuse magic (-17 HP)
@: beast-form, flying
A: beast (slay +4), flying, sickness immunity, fire resistance 2, cold
vulnerability 1, float, innate caster, HP casting, extra vitality 1
a: Begin Untransformation, Renounce Religion, Stomp, Line Pass


You were on level 11 of the Dungeon.
You worshipped Uskayaw.
Uskayaw was noncommittal.
You were a hulking beast.
You visited 2 branches of the dungeon, and saw 12 of its levels.

You collected 763 gold pieces.

Inventory:

Hand Weapons
 j - a +3 hand axe of flaming
Missiles
 m - 25 poisoned darts (quivered)
 s - 8 curare-tipped darts
 t - 16 boomerangs
Armour
 i - a +0 helmet
 z - a +2 pair of gloves
 E - +0 steam dragon scales (worn)
 H - +0 gold dragon scales
 J - a +2 cloak of poison resistance
Jewellery
 N - a ring of resist corrosion (left hand)
Talismans
 c - a beast talisman
 d - a flux talisman
 M - a storm talisman
Wands
 l - a wand of flame (43)
 r - a wand of iceblast (7)
 y - a wand of quicksilver (6)
 B - a wand of paralysis (9)
 F - a wand of mindburst (14)
Scrolls
 k - 2 scrolls of enchant weapon {unknown}
 o - a scroll of torment {unknown}
 p - 3 scrolls of teleportation {unknown}
 q - 5 scrolls of identify {unknown}
 v - 3 scrolls of fear {unknown}
 w - 4 scrolls of immolation {unknown}
 A - a scroll of enchant armour {unknown}
 D - a scroll of blinking {unknown}
 K - 3 scrolls of amnesia {unknown}
 O - a scroll of vulnerability {unknown}
Potions
 a - 3 potions of curing {unknown}
 b - 2 potions of lignification {!q}
 e - 2 potions of might {unknown}
 f - 5 potions of heal wounds {unknown}
 g - 2 potions of enlightenment {unknown}
 h - 4 potions of haste {unknown}
 n - 3 potions of degeneration {unknown}
 u - 2 potions of invisibility {unknown}
 x - a potion of cancellation {unknown}
 C - a potion of resistance {unknown}
 G - a potion of magic {unknown}
 L - 2 potions of ambrosia {unknown}


   Skills:
 + Level 7.0 Fighting
 - Level 2.1 Armour
 + Level 7.6 Dodging
 * Level 10.3 Unarmed Combat
 + Level 5.4 Invocations
 + Level 4.9 Evocations
 * Level 8.8 Shapeshifting


You knew the following spells:

 Your Spells              Type           Power      Damage    Failure   Level
a - Freeze                Ice            0%         1d3       30%         1
b - Lesser Beckoning      Tloc           0%         N/A       43%         2
c - Call Canine Familiar  Summ           0%         N/A       67%         3
d - Manifold Assault      Tloc           0%         N/A       97%         4
e - Leda's Liquefaction   Alch/Erth      0%         N/A       97%         4
Your spell library was empty.

Dungeon Overview and Level Annotations

Branches:
Dungeon (11/15)            Temple (1/1) D:6            Lair (0/5) D:10
    Orc (0/2) D:11

Altars:
Ashenzari
Cheibriados
Dithmenos
Elyvilon
Fedhas
Gozag
Hepliaklqana
Makhleb
Nemelex Xobeh
Okawaru
Qazlal
Ru
Trog
Uskayaw
Wu Jian
Xom
Yredelemnul
Zin
The Shining One

Shops:
D:6 (   D:10 [

Portals:
Trove: D:11 (show slimy rune of Zot)

Annotations:
D:4 2 transporters, BigAl98's ghost, amateur FoHu


Innate Abilities, Weirdness & Mutations

You are a hulking beast.
Your limbs bulge with bestial killing power. (Slay +4)
You are flying.
You are immune to sickness and miasma.
You are immune to poison.
Your flesh is very heat resistant. (rF++)
You are vulnerable to cold. (rC-)
You float through the air rather than walking.
You learn spells naturally, not from books.
Your magical power is your life essence.
You have superior vitality. (+4 MHP)


Message History

You completely miss the boulder beetle.
The boulder beetle is lightly wounded.
You hit the boulder beetle.
The boulder beetle is moderately wounded.
The boulder beetle leaps!
You hit the wraith.
The wraith is lightly damaged.
The boulder beetle curls into a ball and begins rolling!
You can now pass through a line of other dancers.
You punch the wraith!
The wraith is heavily damaged.
The wraith misses you.
You hit the wraith but do no damage.
The wraith is heavily damaged.
The boulder beetle misses you.
The boulder beetle stops rolling and uncurls.
The wraith barely misses you.
You barely miss the wraith.
The wraith is heavily damaged.
The boulder beetle bites you! The wraith hits you!
You punch the wraith!
The wraith is almost destroyed.
The boulder beetle bites you!
* * * LOW HITPOINT WARNING * * *
The wraith misses you.
Uskayaw will force your foes to helplessly watch your dance.
Uskayaw prepares the audience for your solo!
The helpless wraith fails to defend itself.
You punch the wraith!
You destroy the wraith!
Your Fighting skill increases to level 7!
Aiming: Line Pass
Press: ? - help, Dir - move target The boulder beetle appears confused.
The boulder beetle is no longer paralysed.
The boulder beetle bites you!
* * * LOW HITPOINT WARNING * * *
Unknown command.
The boulder beetle seems less confused.
The boulder beetle bites you!!
You die...

#..............
#...<....^.....
##########..............
........................
........................
#####...############..##
#...# #..# #...# #..#
#####..h######### #..#
........B........ ...#
################# #####


You could see a boulder beetle.

Vanquished Creatures
  3 two-headed ogres
  Maurice (D:7)
  2 cyclopes (D:11)
  Joseph (D:9)
  Maggie (D:7)
  A rime drake (D:10)
  A troll (D:11)
  A polar bear (D:10)
  10 slime creatures
  4 wraiths
  A vampire (D:9)
  2 wyverns (D:9)
  2 steam dragons
  12 yaks
  An acid dragon (D:11)
  Duvessa (D:5)
  A sky beast (D:7)
  2 ice beasts (D:10)
  3 black bears (D:8)
  An orc warrior (D:7)
  An ogre (D:5)
  2 wolves (D:10)
  2 centaurs
  A phantom (D:6)
  3 kobold brigands
  Blork the orc (D:5)
  A bullfrog (D:7)
  4 scorpions
  4 wights
  Dowan (D:5)
  4 killer bees (D:10)
  A jelly (D:5)
  Crazy Yiuf (D:7)
  3 bombardier beetles
  4 hounds (D:6)
  2 orc priests (D:7)
  4 iguanas
  8 orc wizards
  4 gnolls (D:6)
  8 adders
  A shadow imp (D:7)
  2 white imps
  4 dart slugs
  4 ribbon worms
  26 orcs
  6 endoplasms
  2 giant cockroaches (D:3)
  6 goblins
  12 hobgoblins
  6 jackals (D:2)
  4 quokkas
  9 ball pythons
  2 bats (D:1)
  2 frilled lizards
  20 kobolds
  10 rats (D:1)
226 creatures vanquished.

Notes
Turn   | Place    | Note
-------+----------+-------------------------------------------
     0 | D:1      | mopl the Djinni Shapeshifter began the quest for the Orb.
     0 | D:1      | Reached XP level 1. HP: 17/17 MP: 0/0
   187 | D:1      | Reached XP level 2. HP: 22/22 MP: 0/0
   587 | D:1      | Reached skill level 3 in Shapeshifting
   587 | D:1      | Reached XP level 3. HP: 27/27 MP: 0/0
   587 | D:1      | Learned a level 1 spell: Freeze
   731 | D:1      | Found a faded altar of an unknown god.
  1124 | D:2      | Reached XP level 4. HP: 18/32 MP: 0/0
  2191 | D:3      | Reached XP level 5. HP: 38/38 MP: 0/0
  2191 | D:3      | Learned a level 2 spell: Lesser Beckoning
  2196 | D:3      | Reached skill level 2 in Fighting
  2196 | D:3      | Reached skill level 3 in Dodging
  2196 | D:3      | Reached skill level 4 in Unarmed Combat
  2368 | D:4      | Reached XP level 6. HP: 43/43 MP: 0/0
  2543 | D:4      | Reached skill level 4 in Shapeshifting
  2658 | D:4      | Found a transporter.
  2788 | D:4      | Noticed an ogre
  2788 | D:4      | Noticed BigAl98's ghost (amateur FoHu)
  2789 | D:4      | Found a transporter.
  2789 | D:4      | Noticed an ogre
  2789 | D:4      | Noticed an ogre
  2889 | D:4      | Reached XP level 7. HP: 46/49 MP: 0/0
  2889 | D:4      | Learned a level 3 spell: Call Canine Familiar
  2946 | D:4      | Found an opulent altar of Gozag.
  3030 | D:5      | Entered Level 5 of the Dungeon
  3112 | D:5      | Noticed Blork the orc
  3119 | D:5      | Killed Blork the orc
  3120 | D:5      | Reached skill level 5 in Unarmed Combat
  3129 | D:5      | Noticed Dowan
  3184 | D:5      | Noticed Duvessa
  3199 | D:5      | Killed Duvessa
  3200 | D:5      | Reached skill level 3 in Fighting
  3200 | D:5      | Reached skill level 4 in Dodging
  3231 | D:5      | Killed Dowan
  3357 | D:5      | HP: 2/50 [ogre/+0 giant club (29)]
  3362 | D:5      | HP: 2/50 [quokka (2)]
  3374 | D:5      | Reached XP level 8. HP: 6/56 MP: 0/0
  3702 | D:5      | Reached skill level 5 in Shapeshifting
  3898 | D:6      | Found a shadowy altar of Dithmenos.
  3911 | D:6      | Found Pahiw's Weapon Boutique.
  4057 | D:6      | Reached skill level 6 in Unarmed Combat
  4402 | D:6      | Reached skill level 4 in Fighting
  4472 | D:6      | Found a staircase to the Ecumenical Temple.
  4482 | Temple   | Entered the Ecumenical Temple
  4506 | Temple   | Became a worshipper of Uskayaw the Reveller
  5085 | D:7      | Reached * piety under Uskayaw
  5265 | D:7      | Noticed Maggie
  5275 | D:7      | Reached ** piety under Uskayaw
  5281 | D:7      | Reached *** piety under Uskayaw
  5284 | D:7      | Killed Maggie
  5285 | D:7      | Reached skill level 5 in Dodging
  5285 | D:7      | Reached skill level 1 in Invocations
  5285 | D:7      | Reached XP level 9. HP: 39/63 MP: 0/0
  5285 | D:7      | Learned a level 4 spell: Manifold Assault
  5378 | D:6      | Reached skill level 7 in Unarmed Combat
  5526 | D:6      | Reached skill level 6 in Shapeshifting
  5721 | D:7      | Reached skill level 2 in Invocations
  6033 | D:7      | Reached **** piety under Uskayaw
  6051 | D:7      | Found a runed translucent door.
  6052 | D:7      | Noticed Crazy Yiuf
  6588 | D:7      | Noticed Maurice
  6602 | D:7      | Maurice stole a +3 hand axe of flaming
  6603 | D:7      | Maurice stole a flux talisman
  6604 | D:7      | Maurice stole 529 gold
  6607 | D:7      | Maurice stole 20 gold
  6617 | D:7      | Killed Maurice
  6618 | D:7      | Reached skill level 5 in Fighting
  6618 | D:7      | Reached skill level 1 in Evocations
  6618 | D:7      | Reached XP level 10. HP: 21/70 MP: 0/0
  7061 | D:7      | Killed Crazy Yiuf
  7436 | D:8      | Reached skill level 8 in Unarmed Combat
  7436 | D:8      | Reached skill level 3 in Invocations
  7457 | D:8      | Reached skill level 1 in Armour
  7457 | D:8      | Reached skill level 2 in Evocations
  7982 | D:8      | Reached skill level 7 in Shapeshifting
  8193 | D:7      | Reached skill level 6 in Dodging
  8612 | D:8      | Reached skill level 2 in Armour
  8857 | D:9      | Noticed a two-headed ogre
  8875 | D:9      | Killed a two-headed ogre
  8876 | D:9      | Reached skill level 3 in Evocations
  8899 | D:9      | Reached skill level 4 in Invocations
  8948 | D:9      | Reached skill level 9 in Unarmed Combat
  8948 | D:9      | Reached XP level 11. HP: 25/76 MP: 0/0
  8948 | D:9      | Learned a level 4 spell: Leda's Liquefaction
  9259 | D:9      | Reached skill level 6 in Fighting
  9690 | D:9      | Found a basalt altar of Yredelemnul.
  9698 | D:9      | Noticed a two-headed ogre
  9779 | D:9      | Killed a two-headed ogre
  9919 | D:9      | Noticed Joseph
  9933 | D:9      | Killed Joseph
  9934 | D:9      | Reached skill level 8 in Shapeshifting
 10423 | D:10     | Entered Level 10 of the Dungeon
 10536 | D:9      | Reached skill level 4 in Evocations
 10650 | D:8      | Reached skill level 7 in Dodging
 10881 | D:10     | Upgraded the game from 0.31-a0-1529-g7bd419a0e5 to
                  | 0.31-a0-1539-g569d6c7dce
 10892 | D:10     | Found Sufesyt's Armour Shoppe.
 11093 | D:10     | Noticed a two-headed ogre
 11111 | D:10     | Killed a two-headed ogre
 11420 | D:10     | Reached skill level 5 in Invocations
 11650 | D:10     | Found a staircase to the Lair.
 11696 | D:10     | Reached skill level 10 in Unarmed Combat
 11700 | D:10     | Reached ***** piety under Uskayaw
 12045 | D:10     | Found a stormy altar of Qazlal.
 12092 | D:11     | Found a staircase to the Orcish Mines.
 12224 | D:11     | Noticed a cyclops
 12243 | D:11     | Killed a cyclops
 12438 | D:11     | Found a portal to a secret trove of treasure.
 12674 | D:10     | Reached XP level 12. HP: 41/84 MP: 0/0
 13345 | D:11     | Noticed a boulder beetle
 13364 | D:11     | Reached skill level 7 in Fighting
 13365 | D:11     | Demolished by a boulder beetle

Illustrated notes

Levels and vault maps discovered:
D:1:      orjb1_lava_funnel, layout_basic,
          shapermc_ecumenical_altar_mp_vishouse, nrook_mini_backslash,
          hex_intersection, minmay_misc_feat_hallway, minmay_rat_gold_closets
D:2:      layout_basic, chequers_serial_rivers_micro_e
D:3:      layout_loops_cross, kennysheep_orc_sif_temple, fountainhead,
          kennysheep_path_1, nicolae_figureground_pulse
D:4:      layout_rooms, grunt_gozag_statues, gammafunk_ghost_smash
D:5:      layout_rooms, small_statue_intersection, hangedman_decor_lopped,
          uniq_duvessa, uniq_blork_the_orc
D:6:      layout_layer_cave, nicolae_dithmenos_the_darkroom,
          minmay_temple_entry_junction_2, serial_shops, shop,
          kennysheep_another_room
D:7:      layout_loops_corners, minmay_misc_feat_cross, minmay_checkerbox,
          uniq_crazy_yiuf_cottage, uniq_maurice, uniq_maggie
D:8:      layout_loops_ring
D:9:      layout_cave_pods, mainiacjoe_overflow_cross_hatched, uniq_joseph
D:10:     layout_rooms, mainiacjoe_overflow_alcove_2, hellmonk_lair_entry_icy,
          serial_shops, nicolae_shop_gibbet_a_chance
D:11:     cheibrodos_orc_bank, layout_long_grid, orc_0_dummy,
          trove_entry_hex_spiral, uniq_lodul
Temple:   minmay_temple_bridge_d

Skill      XL: |  1  2  3  4  5  6  7  8  9 10 11 12 |
---------------+-------------------------------------+-----
Shapeshifting  | 3 4 5 6 7 8 |  8.8
Fighting       | 2 3 4 5 6 7 |  7.0
Dodging        | 3 4 5 6 7 |  7.6
Unarmed Combat | 4 5 6 7 9 10 | 10.3
Invocations    | 1 2 4 5 |  5.4
Evocations     | 1 3 4 |  4.9
Armour         | 2 |  2.1

Action                     |  1- 3 |  4- 6 |  7- 9 | 10-12 || total
---------------------------+-------+-------+-------+-------++-------
  Melee: Unarmed           |   119 |   160 |   272 |   395 ||   946
         Punch             |     2 |     5 |    11 |    29 ||    47
  Throw: Dart              |       |       |    13 |    50 ||    63
 Invoke: Line Pass         |       |       |       |     1 ||     1
  Evoke: Wand              |       |       |     6 |     7 ||    13
    Use: Potion            |       |       |       |     1 ||     1
   Stab: Sleeping          |     2 |       |       |       ||     2
         Paralysed         |       |       |     4 |    29 ||    33
 Armour: Animal skin       |    16 |       |       |       ||    16
         Ring mail         |    33 |    88 |    80 |       ||   201
         Steam dragon scal |       |       |    80 |   230 ||   310
         Gold dragon scale |       |       |       |    22 ||    22
         Skin              |       |       |       |     6 ||     6
  Dodge: Dodged            |    57 |    68 |   118 |   210 ||   453

Table legend: (Time is in decaauts)
 A = Elapsed time spent in this place.
 B = Non-inter-level travel time spent in this place.
 C = Inter-level travel time spent in this place.
 D = Time resting spent in this place.
 E = Time spent auto-exploring this place.
 F = Levels seen in this place.
 G = Mean time per level.
                   A        B        C        D        E       F      G
               +--------+--------+--------+--------+--------+-----+--------+
         Total |  13280 |  12733 |    547 |   4255 |   6064 |  12 | 1106.7 |
       Dungeon |  13236 |  12709 |    527 |   4255 |   6064 |  11 | 1203.3 |
        Temple |     43 |     24 |     19 |      0 |      0 |   1 |   43.0 |
               +--------+--------+--------+--------+--------+-----+--------+

Top non-repeatable levels by time:
     D:7: 2287 daAuts
     D:9: 1973 daAuts
    D:10: 1493 daAuts
     D:6: 1342 daAuts
     D:8: 1284 daAuts
    D:11: 987 daAuts
     D:2: 870 daAuts
     D:4: 832 daAuts
     D:1: 780 daAuts
     D:5: 695 daAuts
     D:3: 688 daAuts
  Temple: 43 daAuts
